 Dungeon Crawl Stone Soup version 0.29.1-12-g30fa7ad0bf (webtiles) character file.

Game seed: 2429373130939250535

6 hawla the Chiller (level 2, -1/22 HPs)
             Began as a Meteoran Ice Elementalist on Jan 8, 2023.
             Slain by a jackal (3 damage)
             ... on level 2 of the Dungeon.
             The game lasted 00:01:00 (20 turns).

hawla the Chiller (Meteoran Ice Elementalist)         Turns: 20, Time: 00:01:01

Health: -1/22      AC:  2    Str:  9    XL:     2   Next: 11%
Magic:  4/6        EV: 12    Int: 16    God:
Gold:   0          SH:  0    Dex: 14    Spells: 5/6 levels left

rFire   . . .      SeeInvis .   (no weapon)
rCold   . . .      Faith    .   (no shield)
rNeg    . . .      Spirit   .   a - +0 robe
rPois   .          Reflect  .   (no helmet)
rElec   .          Harm     .   (no cloak)
rCorr   .          Rampage  .   (no gloves)
Will    .....                   (no boots)
Stlth   +.........              (no amulet)
HPRegen 0.07/turn               (no ring)
MPRegen 0.10/turn               (no ring)

@: glowing
A: sense surroundings 1, otherworldly, glowing, explore regen
a: no special abilities


You were on level 2 of the Dungeon.
You visited 1 branch of the dungeon, and saw 2 of its levels.

Inventory:

Armour
 a - a +0 robe (worn)
Wands
 d - a wand of mindburst (10)
Scrolls
 c - 3 scrolls of blinking {unknown}
Potions
 b - a potion of magic


   Skills:
 + Level 0.7 Fighting
 + Level 2.4 Dodging
 - Level 1.4 Stealth
 + Level 2.9 Spellcasting
 + Level 4.5 Ice Magic


You had 5 spell levels left.
You knew the following spells:

 Your Spells              Type           Power      Damage    Failure   Level
a - Freeze                Ice            64%        1d8       3%          1

Your spell library contained the following spells:

 Spells                   Type           Power      Damage    Failure   Level
 Frozen Ramparts          Ice            32%        1d5       9%          3
 Ozocubu's Armour         Ice            16%        N/A       9%          3
 Hailstorm                Conj/Ice       9%         3d4       58%         4


Dungeon Overview and Level Annotations

Branches:
Dungeon (2/15) Zot: 1179

Altars:


Innate Abilities, Weirdness & Mutations

You passively map a small area around you.
You are easily found by Zot.
You glow in the dark.
You regain HP and MP as you explore.


Message History

Confirm with . or Enter, or press ? or * to list all spells.
Aiming: Freeze (safe; 3% risk of failure)
Press: ? - help, Shift-Dir - straight line, f/p - orc
Aim: an orc, wielding a +3 dagger of flaming and wearing a +0 leather armour (severely wounded)
You freeze the orc.
The orc is almost dead.
The orc hits you with a +3 dagger of flaming.
The orc burns you.
* * * LOW HITPOINT WARNING * * *
Casting: Freeze (safe; 3% risk of failure)
Confirm with . or Enter, or press ? or * to list all spells.
Aiming: Freeze (safe; 3% risk of failure)
Press: ? - help, Shift-Dir - straight line, f/p - orc
Aim: an orc, wielding a +3 dagger of flaming and wearing a +0 leather armour (almost dead)
You freeze the orc.
You kill the orc!
A jackal comes into view.
The jackal bites you.
* * * LOW HITPOINT WARNING * * *
A frilled lizard comes into view.
You have reached level 2!
The jackal attacks as you move away! The jackal bites you.
* * * LOW HITPOINT WARNING * * *
There is a stone staircase leading up here.
The jackal bites you.
* * * LOW HITPOINT WARNING * * *
The jackal attacks as you move away! The jackal misses you.
Found 2 datura-tipped darts.
The jackal bites you.
* * * LOW HITPOINT WARNING * * *
Casting: Freeze (safe; 3% risk of failure)
Confirm with . or Enter, or press ? or * to list all spells.
Aiming: Freeze (safe; 3% risk of failure)
Press: ? - help, Shift-Dir - straight line, f - jackal
Aim: a jackal You freeze the jackal.
The jackal is heavily wounded.
The jackal barks!
The jackal bites you.
You die...

* .#.. , #P#. ...
#..#.~P..,
##P.#..⌠.. ,
#####!.P#PP~. ,*
#(....P.#PP.~ ,, .
#........# * , .#
#....@.PP# , ... ,
#.....hPP######..#.
#.....PgP.#........
###.##....#......#
#.*##..o<.#** * #.
*#.###l####.# ,.
..h#*#).....# #
###.. #)###### *
#..,..#* * *


You could see an orc, 2 jackals, a hobgoblin and a frilled lizard.

Vanquished Creatures
  3 orcs (D:2)
3 creatures vanquished.

Notes
Turn   | Place    | Note
-------+----------+-------------------------------------------
     0 | D:1      | hawla the Meteoran Ice Elementalist began the quest for the
                  | Orb.
     0 | D:1      | Reached XP level 1. HP: 14/14 MP: 5/5
    13 | D:2      | Reached XP level 2. HP: 5/22 MP: 1/6
    15 | D:2      | HP: 1/22 [jackal (3)]
    20 | D:2      | Slain by a jackal

Illustrated notes

Levels and vault maps discovered:
D:1:      dpeg_arrival_fog, layout_basic, hex_tiny
D:2:      layout_loops_ring, serial_shops, nicolae_shop_stone,
          shapermc_ecumenical_altar_mp_ritualfount, kennysheep_generic_room_13,
          uniq_crazy_yiuf_cottage

Action                   || total
-------------------------++-------
 Cast: Freeze            ||     5
Evoke: Wand              ||     1
Dodge: Dodged            ||     2
